Blues vs Penguins (R1)

Created - 21 janvier 2017 at 19:51

Goals
1 2 3 T
Blues 2 1 1 4
Penguins 0 2 0 2
Shots
1 2 3 T
Blues 10 13 14 37
Penguins 9 12 9 30

1st period

1. Blues , David Perron 19 (Travis Zajac) at 15:35 (PP)
2. Blues , Nik Antropov 8 (Travis Hamonic, Tuukka Rask) at 19:05 (SH)

Penalties :
Sergei Shirokov (STL) for Holding Stick (Minor) at 1:55, Max Pacioretty (Pit) for Tripping (Minor) at 11:06, Bobby Ryan (Pit) for Holding (Minor) at 15:02, Taylor Hall (STL) for Holding (Minor) at 16:50, Bryce Lampman (STL) for Holding (Minor) at 17:14

2nd period

3. Blues , Alex Pietrangelo 8 (Nicklas Backstrom) at 11:35 (PP)
4. Penguins , Steven Stamkos 21 (Bobby Ryan) at 11:50
5. Penguins , Dustin Penner 7 (Sam Gagner) at 18:50

Penalties :
Sergei Shirokov (STL) for Roughing (Minor) at 0:43, Nicklas Backstrom (STL) for Charging (Minor) at 7:37, Steven Stamkos (Pit) for Hooking (Minor) at 11:33, Sergei Shirokov (STL) for Hooking (Minor) at 12:36

3rd period

6. Blues , Joe Pavelski 19 (Nicklas Backstrom, David Perron) at 16:56

Penalties :
Nicklas Backstrom (STL) for Holding Stick (Minor) at 11:51, Paul Kariya (STL) for Hooking (Minor) at 19:03

Goalie Stats

Tuukka Rask (STL), 28 saves from 30 shots - (0,933), W, 14-10-4, 60:00 minutes
Brian Elliott (Pit), 33 saves from 37 shots - (0,892), L, 21-6-1, 60:00 minutes

Players Stats for Blues

Player Name              G  A  P  +/- PIM S  H  SB GA TA FO     MP     PP MP  PK MP  
------------------------------------------------------------------------------------
Alex Pietrangelo         1  0  1   0  0   8  1  3  1  0  0/0    21:36   1:57   0:00 
Bryce Lampman            0  0  0   0  2   1  1  2  0  0  0/0    26:11   0:37   6:32 
Darren Reid              0  0  0   0  0   1  1  0  0  0  0/0     6:09   0:00   0:00 
David Perron             1  1  2  -1  0   1  2  0  0  2  1/2    16:27   0:59   0:12 
Drew Fata                0  0  0  -1  0   1  2  0  0  1  0/0    16:56   0:00   5:24 
Jake Gardiner            0  0  0   1  0   2  3  2  1  0  0/0    19:09   1:57   1:48 
Joe Pavelski             1  0  1  -1  0   2  1  0  0  0  1/1    16:51   1:35   0:00 
Kevin Porter             0  0  0   0  0   0  0  0  0  0  2/2     6:53   0:00   0:44 
Nicklas Backstrom        0  2  2   0  4   1  2  0  2  0  17/30  18:15   1:35   0:46 
Nik Antropov             1  0  1   0  0   2  1  0  0  0  10/20  17:06   0:00   7:46 
Paul Kariya              0  0  0   0  2   1  1  0  0  0  0/0     6:08   0:00   0:00 
Sergei Shirokov          0  0  0   0  6   2  0  0  1  0  1/2    15:32   0:59   1:09 
Steve McCarthy           0  0  0  -1  0   2  0  3  1  0  0/0    14:10   0:00   4:25 
Taylor Hall              0  0  0   0  2   8  0  0  0  1  0/1    17:59   1:35   3:33 
Taylor Pyatt             0  0  0   1  0   1  0  0  0  0  1/2    16:35   0:00   7:14 
Tomas Kopecky            0  0  0   0  0   0  1  0  0  0  1/1     9:16   0:00   0:00 
Travis Hamonic           0  1  1   1  0   2  0  6  0  2  0/0    22:01   0:37   8:18 
Travis Zajac             0  1  1   0  0   2  2  2  1  0  7/12   17:49   0:59   3:29 

Players Stats for Penguins

Player Name              G  A  P  +/- PIM S  H  SB GA TA FO     MP     PP MP  PK MP  
------------------------------------------------------------------------------------
Bobby Ryan               0  1  1   0  2   0  2  0  1  0  0/1    23:29   7:44   0:32 
Brayden Schenn           0  0  0   0  0   0  2  1  0  0  4/6     8:29   0:00   1:46 
Brian McGrattan          0  0  0  -1  0   3  1  0  0  0  0/0    11:27   0:00   0:00 
Denis Bodrov             0  0  0   0  0   0  0  0  0  0  0/0     0:39   0:00   0:00 
Derek Joslin             0  0  0   0  0   0  1  0  0  2  0/0     9:24   0:00   0:00 
Dion Phaneuf             0  0  0   0  0   3  1  3  0  2  0/0    30:07   8:02   1:51 
Duncan Keith             0  0  0   0  0   1  1  1  1  1  0/0    22:31   5:12   0:43 
Dustin Penner            1  0  1   1  0   1  0  0  0  0  0/0    16:34   5:30   0:16 
Josef Vasicek            0  0  0  -1  0   5  1  0  0  0  5/11   11:59   0:00   0:32 
Luke Schenn              0  0  0   0  0   0  0  3  0  0  0/0    23:48   5:12   0:43 
Max Pacioretty           0  0  0   0  2   2  2  0  1  1  3/3    23:23   7:44   0:00 
Nathan Horton            0  0  0   1  0   1  2  0  0  0  0/1    18:30   5:30   1:46 
Nikita Alexeev           0  0  0   0  0   1  2  0  0  0  0/0     6:17   0:00   0:00 
Sam Gagner               0  1  1   1  0   0  1  1  0  0  5/14   16:34   5:30   0:16 
Sean Zimmerman           0  0  0   0  0   6  1  0  0  0  0/0    33:31   8:02   1:51 
Simon Gagné              0  0  0  -1  0   3  1  0  0  1  0/2    11:27   0:00   0:00 
Steve Sullivan           0  0  0   0  0   0  2  0  0  0  0/0     6:17   0:00   0:00 
Steven Stamkos           1  0  1   0  2   4  3  0  3  0  15/35  22:57   7:44   0:00 

3 Stars

1 - David Perron (STL)
2 - Alex Pietrangelo (STL)
3 - Dustin Penner (Pit)

Power Play

Blues - 2 on 3 Attempt(s) - 66,67%
Penguins - 0 on 8 Attempt(s) - 0,00%

Penalty Kill

Blues - 8 on 8 Attempt(s) - 100,00% - Score 1 goal in Penalty Kill
Penguins - 1 on 3 Attempt(s) - 33,33% - Score 0 goal in Penalty Kill

Team Stat

Blues - Hits : 18 - Faceoff Wins : 41 - Blocked Shots : 18 - Penalty Minutes : 16
Penguins - Hits : 23 - Faceoff Wins : 32 - Blocked Shots : 9 - Penalty Minutes : 6

Official

Referees : Rehman Kyle and Ciamaga Chris
Linesman : Andy McElman and Greg Devorski

Game Notes

No Game Note

Finance

Level 1 -- Attendance: 5548 (92,47%) -- Ticket Income 427 196 $
Level 2 -- Attendance: 5000 (100,00%) -- Ticket Income 225 000 $
Level 3 -- Attendance: 1867 (93,35%) -- Ticket Income 52 276 $
Level 4 -- Attendance: 4000 (100,00%) -- Ticket Income 80 000 $
Luxury Box -- Attendance: 1000 (100,00%) -- Ticket Income 160 000 $
Game was played at the Igloo.
Total Attendance: 17415 (96,75%)
Total Ticket Income: 944 472 $
Other Income: 141 671 $
Total Income: 1 086 143 $

Blues

5 vs 5 Forward 
   Center                   Left Wing                Right Wing               Time % Phy DF OF 
 1 Nicklas Backstrom        David Perron             Joe Pavelski             40     1   2  2  
 2 Travis Zajac             Taylor Hall              Sergei Shirokov          30     1   2  2  
 3 Nik Antropov             Taylor Pyatt             Tomas Kopecky            20     1   2  2  
 4 Kevin Porter             Paul Kariya              Darren Reid              10     1   2  2  

5 vs 5 Defense 
   Defense                  Defense                                           Time % Phy DF OF 
 1 Bryce Lampman            Alex Pietrangelo                                  40     1   2  2  
 2 Travis Hamonic           Jake Gardiner                                     30     1   2  2  
 3 Drew Fata                Steve McCarthy                                    20     1   2  2  
 4 Jake Gardiner            Drew Fata                                         10     1   2  2  

PowerPlay Forward 
   Center                   Left Wing                Right Wing               Time % Phy DF OF 
 1 Nicklas Backstrom        Taylor Hall              Joe Pavelski             60     1   2  2  
 2 Travis Zajac             David Perron             Sergei Shirokov          40     1   2  2  

PowerPlay Defense
   Defense                  Defense                                           Time % Phy DF OF 
 1 Jake Gardiner            Alex Pietrangelo                                  60     1   2  2  
 2 Travis Hamonic           Bryce Lampman                                     40     1   2  2  

Penalty Kill 4 Players Forward 
   Center                   Wing                     Time % Phy DF OF 
 1 Nik Antropov             Taylor Pyatt             60     1   2  2  
 2 Travis Zajac             Sergei Shirokov          40     1   2  2  

Penalty Kill 4 Players Defense
   Defense                  Defense                  Time % Phy DF OF 
 1 Travis Hamonic           Bryce Lampman            60     1   2  2  
 2 Steve McCarthy           Drew Fata                40     1   2  2  

Penalty Kill - 3 Players Forward 
   Forward                                           Time % Phy DF OF 
 1 Nik Antropov                                      60     1   2  2  
 2 Taylor Pyatt                                      40     1   2  2  

Penalty Kill - 3 Players Defense
   Defense                  Defense                  Time % Phy DF OF 
 1 Travis Hamonic           Drew Fata                60     1   2  2  
 2 Bryce Lampman            Jake Gardiner            40     1   2  2  

4 vs 4 Forward 
   Center                   Wing                     Time % Phy DF OF 
 1 Travis Zajac             David Perron             60     1   2  2  
 2 Nicklas Backstrom        Taylor Hall              40     1   2  2  

4 vs 4 Defense
   Defense                  Defense                  Time % Phy DF OF 
 1 Bryce Lampman            Alex Pietrangelo         60     1   2  2  
 2 Drew Fata                Jake Gardiner            40     1   2  2  

Last Minutes Offensive
   Center                   Left Wing                Right Wing               Defense                  Defense                  
   Nicklas Backstrom        David Perron             Joe Pavelski             Jake Gardiner            Alex Pietrangelo         

Last Minutes Defensive
   Center                   Left Wing                Right Wing               Defense                  Defense                  
   Nik Antropov             David Perron             Darren Reid              Bryce Lampman            Drew Fata                

Goaltenders
Starting : Tuukka Rask              
Backup : Jeff Deslauriers         

Extra Forwards
Normal : Nicklas Backstrom, Sergei Shirokov, Tomas Kopecky - PP : Nicklas Backstrom, David Perron - PK : Taylor Pyatt
Extra Defensemen
Normal : Drew Fata, Steve McCarthy, Jake Gardiner - PP : Bryce Lampman - PK : Travis Hamonic, Jake Gardiner
Penalty Shots
David Perron, Joe Pavelski, Travis Zajac, Nik Antropov, Sergei Shirokov

Penguins

5 vs 5 Forward 
   Center                   Left Wing                Right Wing               Time % Phy DF OF 
 1 Steven Stamkos           Max Pacioretty           Bobby Ryan               40     0   2  3  
 2 Sam Gagner               Dustin Penner            Nathan Horton            30     0   2  3  
 3 Josef Vasicek            Simon Gagné              Brian McGrattan          20     0   2  3  
 4 Brayden Schenn           Steve Sullivan           Nikita Alexeev           10     0   2  3  

5 vs 5 Defense 
   Defense                  Defense                                           Time % Phy DF OF 
 1 Sean Zimmerman           Dion Phaneuf                                      45     1   2  2  
 2 Luke Schenn              Duncan Keith                                      33     1   2  2  
 3 Sean Zimmerman           Derek Joslin                                      22     1   2  2  
 4 Luke Schenn              Dion Phaneuf                                      0      1   2  2  

PowerPlay Forward 
   Center                   Left Wing                Right Wing               Time % Phy DF OF 
 1 Steven Stamkos           Max Pacioretty           Bobby Ryan               60     0   1  4  
 2 Sam Gagner               Dustin Penner            Nathan Horton            40     0   1  4  

PowerPlay Defense
   Defense                  Defense                                           Time % Phy DF OF 
 1 Sean Zimmerman           Dion Phaneuf                                      60     0   2  3  
 2 Luke Schenn              Duncan Keith                                      40     0   2  3  

Penalty Kill 4 Players Forward 
   Center                   Wing                     Time % Phy DF OF 
 1 Brayden Schenn           Nathan Horton            60     0   4  1  
 2 Josef Vasicek            Bobby Ryan               40     0   4  1  

Penalty Kill 4 Players Defense
   Defense                  Defense                  Time % Phy DF OF 
 1 Sean Zimmerman           Dion Phaneuf             60     1   4  0  
 2 Luke Schenn              Duncan Keith             40     1   4  0  

Penalty Kill - 3 Players Forward 
   Forward                                           Time % Phy DF OF 
 1 Nathan Horton                                     60     0   4  1  
 2 Bobby Ryan                                        40     0   4  1  

Penalty Kill - 3 Players Defense
   Defense                  Defense                  Time % Phy DF OF 
 1 Sean Zimmerman           Dion Phaneuf             60     1   4  0  
 2 Luke Schenn              Duncan Keith             40     1   4  0  

4 vs 4 Forward 
   Center                   Wing                     Time % Phy DF OF 
 1 Steven Stamkos           Bobby Ryan               60     0   2  3  
 2 Sam Gagner               Nathan Horton            40     0   2  3  

4 vs 4 Defense
   Defense                  Defense                  Time % Phy DF OF 
 1 Sean Zimmerman           Dion Phaneuf             60     1   2  2  
 2 Luke Schenn              Duncan Keith             40     1   2  2  

Last Minutes Offensive
   Center                   Left Wing                Right Wing               Defense                  Defense                  
   Steven Stamkos           Max Pacioretty           Bobby Ryan               Sean Zimmerman           Dion Phaneuf             

Last Minutes Defensive
   Center                   Left Wing                Right Wing               Defense                  Defense                  
   Brayden Schenn           Simon Gagné              Nathan Horton            Sean Zimmerman           Dion Phaneuf             

Goaltenders
Starting : Brian Elliott            
Backup : Josh Tordjman            

Extra Forwards
Normal : Steven Stamkos, Sam Gagner, Josef Vasicek - PP : Steven Stamkos, Sam Gagner - PK : Nathan Horton
Extra Defensemen
Normal : Dion Phaneuf, Duncan Keith, Derek Joslin - PP : Derek Joslin - PK : Sean Zimmerman, Luke Schenn
Penalty Shots
Max Pacioretty, Bobby Ryan, Nathan Horton, Steven Stamkos, Simon Gagné

% Time on Ice - Blues

Lines # - Real PCT - Wanted PCT - Time Play
Normal Forward
1 - 35% - 40% - 15:26
2 - 30% - 30% - 13:21
3 - 21% - 20% - 9:16
4 - 14% - 10% - 6:09
Normal Defense
1 - 44% - 40% - 19:16
2 - 32% - 30% - 14:05
3 - 18% - 20% - 8:05
4 - 6% - 10% - 2:46
PP Forward
1 - 62% - 60% - 1:35
2 - 38% - 40% - 0:59
PP Defense
1 - 76% - 60% - 1:57
2 - 24% - 40% - 0:37
PK Forward
1 - 70% - 60% - 8:06
2 - 30% - 40% - 3:33
PK Defense
1 - 61% - 60% - 7:07
2 - 39% - 40% - 4:32
PK3 Forward
1 - 78% - 60% - 1:14
2 - 22% - 40% - 0:21
PK3 Defense
1 - 39% - 60% - 0:37
2 - 61% - 40% - 0:58
44 Forward
1 - 0% - 60%
2 - 0% - 40%
44 Defense
1 - 0% - 60%
2 - 0% - 40%
Last Minute Offensive  - 0:00
Last Minute Defensive  - 0:00
Total
Forward - 60:00
Defense - 60:00

% Time on Ice - Penguins

Lines # - Real PCT - Wanted PCT - Time Play
Normal Forward
1 - 35% - 40% - 15:40
2 - 24% - 30% - 10:48
3 - 26% - 20% - 11:27
4 - 14% - 10% - 6:17
Normal Defense
1 - 39% - 45% - 17:08
2 - 37% - 33% - 16:24
3 - 19% - 22% - 8:32
4 - 5% - 0% - 2:08
PP Forward
1 - 58% - 60% - 7:44
2 - 42% - 40% - 5:30
PP Defense
1 - 61% - 60% - 8:02
2 - 39% - 40% - 5:12
PK Forward
1 - 79% - 60% - 2:02
2 - 21% - 40% - 0:32
PK Defense
1 - 72% - 60% - 1:51
2 - 28% - 40% - 0:43
PK3 Forward
1 - 0% - 60%
2 - 0% - 40%
PK3 Defense
1 - 0% - 60%
2 - 0% - 40%
44 Forward
1 - 0% - 60%
2 - 0% - 40%
44 Defense
1 - 0% - 60%
2 - 0% - 40%
Last Minute Offensive  - 0:00
Last Minute Defensive  - 0:00
Total
Forward - 60:00
Defense - 60:00

Play by Play

1st period


0:01 of 1st period - Nicklas Backstrom wins face-off versus Steven Stamkos in neutral zone.
0:16 of 1st period - Snap shot by Joe Pavelski.
0:16 of 1st period - Stopped by Brian Elliott with a rebound.
0:30 of 1st period - Snap shot by Sam Gagner.
0:30 of 1st period - Shot Blocked by Alex Pietrangelo.
0:32 of 1st period - Slapshot by Sean Zimmerman.
0:32 of 1st period - Shot Blocked by Alex Pietrangelo.
0:34 of 1st period - Slapshot by Dion Phaneuf.
0:34 of 1st period - Shot Misses the Net.
0:36 of 1st period - Snap shot by Sean Zimmerman.
0:36 of 1st period - Stopped by Tuukka Rask without a rebound.
0:37 of 1st period - Josef Vasicek wins face-off versus Nik Antropov in Blues zone.
0:40 of 1st period - Wrist shot by Josef Vasicek.
0:40 of 1st period - Stopped by Tuukka Rask without a rebound.
0:41 of 1st period - Josef Vasicek wins face-off versus Nik Antropov in Blues zone.
0:42 of 1st period - Slapshot by Simon Gagné.
0:42 of 1st period - Stopped by Tuukka Rask without a rebound.
0:43 of 1st period - Nik Antropov wins face-off versus Josef Vasicek in Blues zone.
1:55 of 1st period - Minor Penalty to Sergei Shirokov for Holding Stick.
1:56 of 1st period - Nik Antropov wins face-off versus Bobby Ryan in Blues zone.
3:22 of 1st period - Steve McCarthy is hit by Nathan Horton and loses puck.
3:52 of 1st period - Drew Fata is hit by Max Pacioretty and loses puck.
3:55 of 1st period - Penalty to Sergei Shirokov is over, Sergei Shirokov is back on ice.
4:13 of 1st period - Snap shot by Dion Phaneuf.
4:13 of 1st period - Deflect By Drew Fata.
4:13 of 1st period - Stopped by Tuukka Rask with a rebound.
4:25 of 1st period - Snap shot by Steve Sullivan.
4:25 of 1st period - Shot Misses the Net.
4:27 of 1st period - Slapshot by Duncan Keith.
4:27 of 1st period - Stopped by Tuukka Rask with a rebound.
4:51 of 1st period - Bryce Lampman is hit by Brayden Schenn and loses puck.
5:18 of 1st period - Snap shot by Taylor Hall.
5:18 of 1st period - Shot Misses the Net.
6:32 of 1st period - Joe Pavelski is hit by Steve Sullivan and loses puck.
7:29 of 1st period - Travis Hamonic is hit by Sam Gagner and loses puck.
7:36 of 1st period - Nathan Horton is hit by Travis Zajac and loses puck.
7:59 of 1st period - Sean Zimmerman is hit by David Perron and loses puck.
8:20 of 1st period - Off-side.
8:21 of 1st period - Travis Zajac wins face-off versus Steven Stamkos in neutral zone.
8:55 of 1st period - Nathan Horton is hit by Tomas Kopecky and loses puck.
9:12 of 1st period - Backhand shot by Joe Pavelski.
9:12 of 1st period - Shot Blocked by Luke Schenn.
9:14 of 1st period - Slapshot by Jake Gardiner.
9:14 of 1st period - Shot Blocked by Luke Schenn.
9:16 of 1st period - Wrist shot by David Perron.
9:16 of 1st period - Shot Misses the Net.
9:18 of 1st period - Snap shot by David Perron.
9:18 of 1st period - Shot Misses the Net.
9:20 of 1st period - Slapshot by Steve McCarthy.
9:20 of 1st period - Stopped by Brian Elliott without a rebound.
9:21 of 1st period - Max Pacioretty wins face-off versus Travis Zajac in Penguins zone.
10:13 of 1st period - Snap shot by Simon Gagné.
10:13 of 1st period - Stopped by Tuukka Rask without a rebound.
10:14 of 1st period - David Perron wins face-off versus Josef Vasicek in Blues zone.
10:31 of 1st period - Slapshot by Nicklas Backstrom.
10:31 of 1st period - Shot Misses the Net.
10:42 of 1st period - Icing by Travis Hamonic.
10:43 of 1st period - Steven Stamkos wins face-off versus Nik Antropov in Blues zone.
10:58 of 1st period - Sean Zimmerman is hit by Nik Antropov and loses puck.
11:06 of 1st period - Minor Penalty to Max Pacioretty for Tripping.
11:07 of 1st period - Brayden Schenn wins face-off versus Nicklas Backstrom in Penguins zone.
11:17 of 1st period - Wrist shot by Nicklas Backstrom.
11:17 of 1st period - Deflect By Joe Pavelski.
11:17 of 1st period - Shot Misses the Net.
11:17 of 1st period - Puck is out of play.
11:18 of 1st period - Brayden Schenn wins face-off versus Nicklas Backstrom in Penguins zone.
11:43 of 1st period - Dion Phaneuf is hit by Travis Zajac and loses puck.
11:52 of 1st period - Backhand shot by Sergei Shirokov.
11:52 of 1st period - Stopped by Brian Elliott with a rebound.
11:54 of 1st period - Slapshot by Jake Gardiner.
11:54 of 1st period - Shot Blocked by Brayden Schenn.
12:48 of 1st period - Icing by Alex Pietrangelo.
12:49 of 1st period - Josef Vasicek wins face-off versus Nicklas Backstrom in Blues zone.
13:06 of 1st period - Penalty to Max Pacioretty is over, Max Pacioretty is back on ice.
13:12 of 1st period - Nathan Horton is hit by Drew Fata and loses puck.
13:19 of 1st period - Snap shot by Max Pacioretty.
13:19 of 1st period - Stopped by Tuukka Rask with a rebound.
14:04 of 1st period - Snap shot by Taylor Hall.
14:04 of 1st period - Stopped by Brian Elliott without a rebound.
14:05 of 1st period - Nicklas Backstrom wins face-off versus Simon Gagné in Penguins zone.
14:15 of 1st period - Off-side.
14:16 of 1st period - Nicklas Backstrom wins face-off versus Steven Stamkos in neutral zone.
14:29 of 1st period - Snap shot by Nicklas Backstrom.
14:29 of 1st period - Shot Misses the Net.
14:31 of 1st period - Slapshot by Alex Pietrangelo.
14:31 of 1st period - Deflect By David Perron.
14:31 of 1st period - Shot Misses the Net.
14:31 of 1st period - Puck is out of play.
14:32 of 1st period - Travis Zajac wins face-off versus Sam Gagner in Penguins zone.
14:39 of 1st period - Snap shot by Taylor Hall.
14:39 of 1st period - Stopped by Brian Elliott without a rebound.
14:40 of 1st period - Sergei Shirokov wins face-off versus Sam Gagner in Penguins zone.
14:53 of 1st period - Snap shot by Alex Pietrangelo.
14:53 of 1st period - Shot Misses the Net.
14:59 of 1st period - Snap shot by Alex Pietrangelo.
14:59 of 1st period - Stopped by Brian Elliott without a rebound.
15:00 of 1st period - Steven Stamkos wins face-off versus Nicklas Backstrom in Penguins zone.
15:02 of 1st period - Minor Penalty to Bobby Ryan for Holding.
15:03 of 1st period - Joe Pavelski wins face-off versus Brayden Schenn in Penguins zone.
15:07 of 1st period - Slapshot by Alex Pietrangelo.
15:07 of 1st period - Stopped by Brian Elliott without a rebound.
15:08 of 1st period - Brayden Schenn wins face-off versus Nicklas Backstrom in Penguins zone.
15:33 of 1st period - Slapshot by Travis Zajac.
15:33 of 1st period - Stopped by Brian Elliott with a rebound.
15:35 of 1st period - Snap shot by David Perron.
15:35 of 1st period - Goal by David Perron - Blues : 1 - Penguins : 0.
15:36 of 1st period - Steven Stamkos wins face-off versus Nicklas Backstrom in neutral zone.
15:45 of 1st period - David Perron is hit by Dion Phaneuf and loses puck.
15:50 of 1st period - Wrist shot by Steven Stamkos.
15:50 of 1st period - Stopped by Tuukka Rask with a rebound.
15:52 of 1st period - Slapshot by Bobby Ryan.
15:52 of 1st period - Shot Misses the Net.
16:33 of 1st period - Slapshot by Luke Schenn.
16:33 of 1st period - Deflect By Nathan Horton.
16:33 of 1st period - Shot Misses the Net.
16:33 of 1st period - Puck is out of play.
16:34 of 1st period - Steven Stamkos wins face-off versus Travis Zajac in Blues zone.
16:50 of 1st period - Minor Penalty to Taylor Hall for Holding.
16:51 of 1st period - Steven Stamkos wins face-off versus Nik Antropov in Blues zone.
17:00 of 1st period - Snap shot by Steven Stamkos.
17:00 of 1st period - Shot Misses the Net.
17:02 of 1st period - Slapshot by Sean Zimmerman.
17:02 of 1st period - Shot Blocked by Bryce Lampman.
17:04 of 1st period - Slapshot by Bobby Ryan.
17:04 of 1st period - Shot Misses the Net.
17:08 of 1st period - Snap shot by Steven Stamkos.
17:08 of 1st period - Shot Misses the Net.
17:14 of 1st period - Minor Penalty to Bryce Lampman for Holding.
17:15 of 1st period - Steven Stamkos wins face-off versus Nik Antropov in Blues zone.
17:42 of 1st period - Nik Antropov is hit by Nathan Horton.
17:58 of 1st period - Luke Schenn is hit by Jake Gardiner and loses puck.
18:20 of 1st period - Drew Fata is hit by Duncan Keith and loses puck.
18:31 of 1st period - Slapshot by Sam Gagner.
18:31 of 1st period - Deflect By Dustin Penner.
18:31 of 1st period - Shot Misses the Net.
18:31 of 1st period - Puck is out of play.
18:32 of 1st period - Steven Stamkos wins face-off versus Nicklas Backstrom in Blues zone.
18:50 of 1st period - Penalty to Taylor Hall is over, Taylor Hall is back on ice.
19:05 of 1st period - Snap shot by Nik Antropov.
19:05 of 1st period - Goal by Nik Antropov - Blues : 2 - Penguins : 0.
19:06 of 1st period - Max Pacioretty wins face-off versus Taylor Pyatt in neutral zone.
19:14 of 1st period - Penalty to Bryce Lampman is over, Bryce Lampman is back on ice.
19:17 of 1st period - Snap shot by Max Pacioretty.
19:17 of 1st period - Stopped by Tuukka Rask without a rebound.
19:18 of 1st period - Nicklas Backstrom wins face-off versus Steven Stamkos in Blues zone.
Goals for this period are 2 for Blues vs 0 for Penguins.
Shots for this period are 10 for Blues vs 9 for Penguins.

2nd period


0:01 of 2nd period - Steven Stamkos wins face-off versus David Perron in neutral zone.
0:29 of 2nd period - Slapshot by Dion Phaneuf.
0:29 of 2nd period - Stopped by Tuukka Rask with a rebound.
0:43 of 2nd period - Minor Penalty to Sergei Shirokov for Roughing.
0:44 of 2nd period - Nik Antropov wins face-off versus Steven Stamkos in Blues zone.
0:44 of 2nd period - Nik Antropov is hit by Max Pacioretty.
0:56 of 2nd period - Slapshot by Dion Phaneuf.
0:56 of 2nd period - Deflect By Max Pacioretty.
0:56 of 2nd period - Shot Blocked by Travis Hamonic.
0:56 of 2nd period - Puck is out of play.
0:57 of 2nd period - Nik Antropov wins face-off versus Steven Stamkos in Blues zone.
1:32 of 2nd period - Slapshot by Dustin Penner.
1:32 of 2nd period - Shot Misses the Net.
2:43 of 2nd period - Penalty to Sergei Shirokov is over, Sergei Shirokov is back on ice.
3:00 of 2nd period - Snap shot by Simon Gagné.
3:00 of 2nd period - Shot Misses the Net.
4:03 of 2nd period - Off-side.
4:04 of 2nd period - Nik Antropov wins face-off versus Sam Gagner in neutral zone.
4:07 of 2nd period - Backhand shot by Nik Antropov.
4:07 of 2nd period - Stopped by Brian Elliott with a rebound.
4:09 of 2nd period - Slapshot by Drew Fata.
4:09 of 2nd period - Stopped by Brian Elliott with a rebound.
4:11 of 2nd period - Slapshot by Drew Fata.
4:11 of 2nd period - Shot Blocked by Sam Gagner.
4:13 of 2nd period - Wrist shot by Taylor Pyatt.
4:13 of 2nd period - Stopped by Brian Elliott with a rebound.
4:15 of 2nd period - Slapshot by Steve McCarthy.
4:15 of 2nd period - Stopped by Brian Elliott with a rebound.
4:30 of 2nd period - Tomas Kopecky is hit by Bobby Ryan and loses puck.
4:47 of 2nd period - Brian McGrattan is hit by Joe Pavelski.
4:55 of 2nd period - Slapshot by Alex Pietrangelo.
4:55 of 2nd period - Stopped by Brian Elliott without a rebound.
4:56 of 2nd period - Steven Stamkos wins face-off versus Nicklas Backstrom in Penguins zone.
5:15 of 2nd period - Bobby Ryan is hit by Nicklas Backstrom and loses puck.
5:34 of 2nd period - Slapshot by Sergei Shirokov.
5:34 of 2nd period - Stopped by Brian Elliott without a rebound.
5:35 of 2nd period - Sam Gagner wins face-off versus Nik Antropov in Penguins zone.
6:34 of 2nd period - Icing by Dion Phaneuf.
6:35 of 2nd period - Nicklas Backstrom wins face-off versus Josef Vasicek in Penguins zone.
7:02 of 2nd period - Josef Vasicek is hit by Bryce Lampman and loses puck.
7:09 of 2nd period - Alex Pietrangelo is hit by Josef Vasicek and loses puck.
7:18 of 2nd period - Snap shot by Simon Gagné.
7:18 of 2nd period - Stopped by Tuukka Rask with a rebound.
7:20 of 2nd period - Slapshot by Luke Schenn.
7:20 of 2nd period - Shot Blocked by Bryce Lampman.
7:30 of 2nd period - Wrist shot by Josef Vasicek.
7:30 of 2nd period - Stopped by Tuukka Rask without a rebound.
7:31 of 2nd period - Steven Stamkos wins face-off versus Nicklas Backstrom in Blues zone.
7:37 of 2nd period - Minor Penalty to Nicklas Backstrom for Charging.
7:38 of 2nd period - Nik Antropov wins face-off versus Steven Stamkos in Blues zone.
9:37 of 2nd period - Penalty to Nicklas Backstrom is over, Nicklas Backstrom is back on ice.
9:57 of 2nd period - David Perron is hit by Nikita Alexeev and loses puck.
10:08 of 2nd period - Dion Phaneuf is hit by Darren Reid and loses puck.
10:57 of 2nd period - Joe Pavelski is hit by Steven Stamkos and loses puck.
11:10 of 2nd period - Wrist shot by Alex Pietrangelo.
11:10 of 2nd period - Shot Misses the Net.
11:12 of 2nd period - Slapshot by Darren Reid.
11:12 of 2nd period - Stopped by Brian Elliott with a rebound.
11:14 of 2nd period - Backhand shot by Jake Gardiner.
11:14 of 2nd period - Stopped by Brian Elliott without a rebound.
11:15 of 2nd period - Brayden Schenn wins face-off versus Travis Zajac in Penguins zone.
11:20 of 2nd period - Slapshot by Luke Schenn.
11:20 of 2nd period - Shot Blocked by Travis Zajac.
11:29 of 2nd period - Snap shot by Travis Zajac.
11:29 of 2nd period - Stopped by Brian Elliott without a rebound.
11:30 of 2nd period - Nicklas Backstrom wins face-off versus Steven Stamkos in Penguins zone.
11:31 of 2nd period - Slapshot by Alex Pietrangelo.
11:31 of 2nd period - Stopped by Brian Elliott with a rebound.
11:33 of 2nd period - Minor Penalty to Steven Stamkos for Hooking.
11:34 of 2nd period - Nicklas Backstrom wins face-off versus Brayden Schenn in Penguins zone.
11:35 of 2nd period - Wrist shot by Alex Pietrangelo.
11:35 of 2nd period - Goal by Alex Pietrangelo - Blues : 3 - Penguins : 0.
11:36 of 2nd period - Nicklas Backstrom wins face-off versus Steven Stamkos in neutral zone.
11:45 of 2nd period - David Perron is hit by Bobby Ryan and loses puck.
11:50 of 2nd period - Snap shot by Steven Stamkos.
11:50 of 2nd period - Goal by Steven Stamkos - Blues : 3 - Penguins : 1.
11:51 of 2nd period - Nicklas Backstrom wins face-off versus Steven Stamkos in neutral zone.
12:26 of 2nd period - Snap shot by Dustin Penner.
12:26 of 2nd period - Shot Misses the Net.
12:28 of 2nd period - Slapshot by Nathan Horton.
12:28 of 2nd period - Shot Misses the Net.
12:30 of 2nd period - Slapshot by Dion Phaneuf.
12:30 of 2nd period - Shot Misses the Net.
12:36 of 2nd period - Minor Penalty to Sergei Shirokov for Hooking.
12:37 of 2nd period - Nik Antropov wins face-off versus Steven Stamkos in Blues zone.
12:37 of 2nd period - Nik Antropov is hit by Steven Stamkos.
14:36 of 2nd period - Penalty to Sergei Shirokov is over, Sergei Shirokov is back on ice.
15:07 of 2nd period - Derek Joslin is hit by Paul Kariya and loses puck.
15:26 of 2nd period - Joe Pavelski is hit by Simon Gagné and loses puck.
16:16 of 2nd period - Dion Phaneuf is hit by Drew Fata and loses puck.
16:23 of 2nd period - Luke Schenn is hit by Nicklas Backstrom and loses puck.
16:44 of 2nd period - Luke Schenn is hit by Jake Gardiner and loses puck.
16:55 of 2nd period - Steve Sullivan is hit by Jake Gardiner and loses puck.
17:16 of 2nd period - Wrist shot by Brian McGrattan.
17:16 of 2nd period - Stopped by Tuukka Rask without a rebound.
17:17 of 2nd period - Travis Zajac wins face-off versus Simon Gagné in Blues zone.
17:21 of 2nd period - Icing by Sergei Shirokov.
17:22 of 2nd period - Travis Zajac wins face-off versus Steven Stamkos in Blues zone.
17:22 of 2nd period - Travis Zajac is hit by Steven Stamkos.
17:32 of 2nd period - Snap shot by Steven Stamkos.
17:32 of 2nd period - Shot Blocked by Travis Hamonic.
17:38 of 2nd period - Slapshot by Travis Hamonic.
17:38 of 2nd period - Deflect By Sean Zimmerman.
17:38 of 2nd period - Stopped by Brian Elliott with a rebound.
17:40 of 2nd period - Slapshot by Travis Hamonic.
17:40 of 2nd period - Stopped by Brian Elliott without a rebound.
17:41 of 2nd period - Nicklas Backstrom wins face-off versus Sam Gagner in Penguins zone.
18:06 of 2nd period - Snap shot by Brian McGrattan.
18:06 of 2nd period - Shot Misses the Net.
18:08 of 2nd period - Snap shot by Josef Vasicek.
18:08 of 2nd period - Stopped by Tuukka Rask with a rebound.
18:10 of 2nd period - Slapshot by Sean Zimmerman.
18:10 of 2nd period - Stopped by Tuukka Rask with a rebound.
18:12 of 2nd period - Snap shot by Josef Vasicek.
18:12 of 2nd period - Deflect By Brian McGrattan.
18:12 of 2nd period - Stopped by Tuukka Rask with a rebound.
18:14 of 2nd period - Wrist shot by Dion Phaneuf.
18:14 of 2nd period - Shot Blocked by Travis Zajac.
18:16 of 2nd period - Snap shot by Dion Phaneuf.
18:16 of 2nd period - Stopped by Tuukka Rask without a rebound.
18:17 of 2nd period - Travis Zajac wins face-off versus Steven Stamkos in Blues zone.
18:50 of 2nd period - Wrist shot by Dustin Penner.
18:50 of 2nd period - Goal by Dustin Penner - Blues : 3 - Penguins : 2.
18:51 of 2nd period - Nicklas Backstrom wins face-off versus Steven Stamkos in neutral zone.
19:21 of 2nd period - Slapshot by Alex Pietrangelo.
19:21 of 2nd period - Shot Misses the Net.
19:31 of 2nd period - Snap shot by Sean Zimmerman.
19:31 of 2nd period - Stopped by Tuukka Rask without a rebound.
19:32 of 2nd period - Josef Vasicek wins face-off versus Nik Antropov in Blues zone.
19:45 of 2nd period - Slapshot by Simon Gagné.
19:45 of 2nd period - Shot Misses the Net.
19:47 of 2nd period - Snap shot by Josef Vasicek.
19:47 of 2nd period - Stopped by Tuukka Rask with a rebound.
Goals for this period are 1 for Blues vs 2 for Penguins.
Shots for this period are 13 for Blues vs 12 for Penguins.

3rd period


0:01 of 3rd period - Steven Stamkos wins face-off versus Nicklas Backstrom in neutral zone.
0:34 of 3rd period - Snap shot by Taylor Hall.
0:34 of 3rd period - Stopped by Brian Elliott without a rebound.
0:35 of 3rd period - Travis Zajac wins face-off versus Sam Gagner in Penguins zone.
0:36 of 3rd period - Snap shot by Taylor Hall.
0:36 of 3rd period - Stopped by Brian Elliott without a rebound.
0:37 of 3rd period - Sam Gagner wins face-off versus Sergei Shirokov in Penguins zone.
0:44 of 3rd period - Wrist shot by Taylor Hall.
0:44 of 3rd period - Shot Blocked by Duncan Keith.
1:08 of 3rd period - Wrist shot by David Perron.
1:08 of 3rd period - Shot Misses the Net.
1:26 of 3rd period - Tomas Kopecky is hit by Steve Sullivan and loses puck.
2:15 of 3rd period - Icing by Travis Hamonic.
2:16 of 3rd period - Max Pacioretty wins face-off versus Travis Zajac in Blues zone.
2:31 of 3rd period - Wrist shot by Sergei Shirokov.
2:31 of 3rd period - Shot Blocked by Luke Schenn.
2:33 of 3rd period - Wrist shot by Sergei Shirokov.
2:33 of 3rd period - Shot Misses the Net.
2:55 of 3rd period - Snap shot by Steven Stamkos.
2:55 of 3rd period - Shot Blocked by Steve McCarthy.
3:13 of 3rd period - Snap shot by Taylor Hall.
3:13 of 3rd period - Deflect By Luke Schenn.
3:13 of 3rd period - Shot Misses the Net.
3:13 of 3rd period - Puck is out of play.
3:14 of 3rd period - Nicklas Backstrom wins face-off versus Nathan Horton in Penguins zone.
3:15 of 3rd period - Slapshot by Alex Pietrangelo.
3:15 of 3rd period - Stopped by Brian Elliott with a rebound.
3:23 of 3rd period - Slapshot by Sean Zimmerman.
3:23 of 3rd period - Shot Misses the Net.
3:25 of 3rd period - Snap shot by Sean Zimmerman.
3:25 of 3rd period - Stopped by Tuukka Rask with a rebound.
3:27 of 3rd period - Slapshot by Dustin Penner.
3:27 of 3rd period - Shot Misses the Net.
3:29 of 3rd period - Slapshot by Sean Zimmerman.
3:29 of 3rd period - Shot Misses the Net.
3:46 of 3rd period - Off-side.
3:47 of 3rd period - Nicklas Backstrom wins face-off versus Sam Gagner in neutral zone.
4:14 of 3rd period - Tomas Kopecky is hit by Brian McGrattan and loses puck.
4:19 of 3rd period - Slapshot by Josef Vasicek.
4:19 of 3rd period - Shot Blocked by Travis Hamonic.
4:21 of 3rd period - Slapshot by Sean Zimmerman.
4:21 of 3rd period - Shot Blocked by Jake Gardiner.
4:23 of 3rd period - Slapshot by Derek Joslin.
4:23 of 3rd period - Shot Hit the Post.
4:25 of 3rd period - Wrist shot by Sean Zimmerman.
4:25 of 3rd period - Shot Blocked by Travis Hamonic.
4:48 of 3rd period - Wrist shot by Steve Sullivan.
4:48 of 3rd period - Shot Blocked by Jake Gardiner.
5:07 of 3rd period - Off-side.
5:08 of 3rd period - Nicklas Backstrom wins face-off versus Sam Gagner in neutral zone.
5:25 of 3rd period - Snap shot by Alex Pietrangelo.
5:25 of 3rd period - Stopped by Brian Elliott without a rebound.
5:26 of 3rd period - Steven Stamkos wins face-off versus Taylor Hall in Penguins zone.
6:24 of 3rd period - Steve McCarthy is hit by Brayden Schenn and loses puck.
6:57 of 3rd period - Snap shot by Travis Zajac.
6:57 of 3rd period - Deflect By Dion Phaneuf.
6:57 of 3rd period - Shot Misses the Net.
6:57 of 3rd period - Puck is out of play.
6:58 of 3rd period - Steven Stamkos wins face-off versus Travis Zajac in Penguins zone.
7:23 of 3rd period - Wrist shot by Steven Stamkos.
7:23 of 3rd period - Shot Misses the Net.
7:35 of 3rd period - Wrist shot by Taylor Hall.
7:35 of 3rd period - Stopped by Brian Elliott without a rebound.
7:36 of 3rd period - Sam Gagner wins face-off versus Nicklas Backstrom in Penguins zone.
8:14 of 3rd period - Snap shot by Taylor Pyatt.
8:14 of 3rd period - Deflect By Tomas Kopecky.
8:14 of 3rd period - Shot Blocked by Dion Phaneuf.
8:14 of 3rd period - Puck is out of play.
8:15 of 3rd period - Nicklas Backstrom wins face-off versus Steven Stamkos in Penguins zone.
8:24 of 3rd period - Snap shot by Alex Pietrangelo.
8:24 of 3rd period - Shot Misses the Net.
8:26 of 3rd period - Slapshot by Alex Pietrangelo.
8:26 of 3rd period - Stopped by Brian Elliott without a rebound.
8:27 of 3rd period - Nicklas Backstrom wins face-off versus Steven Stamkos in Penguins zone.
8:54 of 3rd period - Dion Phaneuf is hit by Alex Pietrangelo and loses puck.
9:01 of 3rd period - Slapshot by Sean Zimmerman.
9:01 of 3rd period - Deflect By Sam Gagner.
9:01 of 3rd period - Shot Blocked by Alex Pietrangelo.
9:01 of 3rd period - Puck is out of play.
9:02 of 3rd period - Sam Gagner wins face-off versus Nicklas Backstrom in Blues zone.
9:05 of 3rd period - Wrist shot by Nathan Horton.
9:05 of 3rd period - Stopped by Tuukka Rask with a rebound.
9:32 of 3rd period - Off-side.
9:33 of 3rd period - Travis Zajac wins face-off versus Steven Stamkos in neutral zone.
9:42 of 3rd period - Wrist shot by Taylor Hall.
9:42 of 3rd period - Stopped by Brian Elliott with a rebound.
9:44 of 3rd period - Snap shot by Taylor Hall.
9:44 of 3rd period - Stopped by Brian Elliott with a rebound.
9:46 of 3rd period - Slapshot by Bryce Lampman.
9:46 of 3rd period - Shot Misses the Net.
9:48 of 3rd period - Snap shot by Bryce Lampman.
9:48 of 3rd period - Stopped by Brian Elliott without a rebound.
9:49 of 3rd period - Sam Gagner wins face-off versus Nicklas Backstrom in Penguins zone.
9:49 of 3rd period - Sam Gagner is hit by David Perron.
11:09 of 3rd period - Jake Gardiner is hit by Derek Joslin and loses puck.
11:51 of 3rd period - Minor Penalty to Nicklas Backstrom for Holding Stick.
11:52 of 3rd period - Taylor Pyatt wins face-off versus Steven Stamkos in Blues zone.
13:08 of 3rd period - Slapshot by Taylor Hall.
13:08 of 3rd period - Stopped by Brian Elliott with a rebound.
13:11 of 3rd period - Icing by Dion Phaneuf.
13:12 of 3rd period - Kevin Porter wins face-off versus Sam Gagner in Penguins zone.
13:15 of 3rd period - Wrist shot by Taylor Hall.
13:15 of 3rd period - Shot Blocked by Dion Phaneuf.
13:51 of 3rd period - Penalty to Nicklas Backstrom is over, Nicklas Backstrom is back on ice.
14:05 of 3rd period - Snap shot by Nicklas Backstrom.
14:05 of 3rd period - Shot Misses the Net.
14:13 of 3rd period - Snap shot by Simon Gagné.
14:13 of 3rd period - Shot Misses the Net.
14:17 of 3rd period - Backhand shot by Brian McGrattan.
14:17 of 3rd period - Deflect By Josef Vasicek.
14:17 of 3rd period - Shot Blocked by Steve McCarthy.
14:17 of 3rd period - Puck is out of play.
14:18 of 3rd period - Kevin Porter wins face-off versus Sam Gagner in Blues zone.
14:29 of 3rd period - Slapshot by Alex Pietrangelo.
14:29 of 3rd period - Shot Blocked by Dion Phaneuf.
14:31 of 3rd period - Wrist shot by Paul Kariya.
14:31 of 3rd period - Stopped by Brian Elliott with a rebound.
14:52 of 3rd period - Slapshot by Josef Vasicek.
14:52 of 3rd period - Stopped by Tuukka Rask with a rebound.
15:16 of 3rd period - Drew Fata is hit by Nikita Alexeev.
16:12 of 3rd period - Slapshot by Joe Pavelski.
16:12 of 3rd period - Shot Misses the Net.
16:31 of 3rd period - Slapshot by Nikita Alexeev.
16:31 of 3rd period - Stopped by Tuukka Rask without a rebound.
16:32 of 3rd period - Nik Antropov wins face-off versus Steven Stamkos in Blues zone.
16:42 of 3rd period - Snap shot by Bobby Ryan.
16:42 of 3rd period - Shot Misses the Net.
16:44 of 3rd period - Snap shot by Max Pacioretty.
16:44 of 3rd period - Shot Blocked by Steve McCarthy.
16:46 of 3rd period - Snap shot by Steven Stamkos.
16:46 of 3rd period - Stopped by Tuukka Rask without a rebound.
16:47 of 3rd period - Nicklas Backstrom wins face-off versus Josef Vasicek in Blues zone.
16:54 of 3rd period - Wrist shot by Nicklas Backstrom.
16:54 of 3rd period - Stopped by Brian Elliott with a rebound.
16:56 of 3rd period - Snap shot by Nicklas Backstrom.
16:56 of 3rd period - Deflect By Joe Pavelski.
16:56 of 3rd period - Goal by Joe Pavelski - Blues : 4 - Penguins : 2.
16:57 of 3rd period - Tomas Kopecky wins face-off versus Josef Vasicek in neutral zone.
17:05 of 3rd period - Snap shot by Brian McGrattan.
17:05 of 3rd period - Stopped by Tuukka Rask with a rebound.
17:23 of 3rd period - Alex Pietrangelo is hit by Sean Zimmerman and loses puck.
17:50 of 3rd period - Wrist shot by Jake Gardiner.
17:50 of 3rd period - Deflect By Sam Gagner.
17:50 of 3rd period - Stopped by Brian Elliott without a rebound.
17:51 of 3rd period - Josef Vasicek wins face-off versus Nik Antropov in Penguins zone.
18:25 of 3rd period - Snap shot by Steven Stamkos.
18:25 of 3rd period - Stopped by Tuukka Rask without a rebound.
18:26 of 3rd period - Nik Antropov wins face-off versus Josef Vasicek in Blues zone.
19:03 of 3rd period - Minor Penalty to Paul Kariya for Hooking.
19:04 of 3rd period - Steven Stamkos wins face-off versus Nik Antropov in Blues zone.
19:13 of 3rd period - Wrist shot by Steven Stamkos.
19:13 of 3rd period - Shot Misses the Net.
19:15 of 3rd period - Snap shot by Sean Zimmerman.
19:15 of 3rd period - Stopped by Tuukka Rask without a rebound.
19:16 of 3rd period - Steven Stamkos wins face-off versus Nik Antropov in Blues zone.
19:19 of 3rd period - Snap shot by Steven Stamkos.
19:19 of 3rd period - Shot Blocked by Travis Hamonic.
19:21 of 3rd period - Slapshot by Max Pacioretty.
19:21 of 3rd period - Shot Misses the Net.
19:23 of 3rd period - Slapshot by Sean Zimmerman.
19:23 of 3rd period - Stopped by Tuukka Rask without a rebound.
19:24 of 3rd period - Nik Antropov wins face-off versus Steven Stamkos in Blues zone.
19:43 of 3rd period - Snap shot by Bobby Ryan.
19:43 of 3rd period - Shot Blocked by Travis Hamonic.
19:45 of 3rd period - Snap shot by Bobby Ryan.
19:45 of 3rd period - Shot Misses the Net.
Goals for this period are 1 for Blues vs 0 for Penguins.
Shots for this period are 14 for Blues vs 9 for Penguins.